 Dungeon Crawl Stone Soup version 0.20-a0-465-g6513c8f (webtiles) character file.

313 M4edhros the Sneak (level 6, -2/38 HPs)
             Began as an Octopode Artificer on Jan 12, 2017.
             Was a Follower of Fedhas.
             Slain by a white imp (5 damage)
             ... summoned by Xom
             ... on level 3 of the Dungeon.
             The game lasted 00:03:27 (2539 turns).

M4edhros the Sneak (Octopode Artificer)             Turns: 2539, Time: 00:03:28

Health: -2/38      AC:  1    Str: 17      XL:     6   Next: 43%
Magic:  8/8        EV: 13    Int: 16      God:    Fedhas [*.....]
Gold:   161        SH:  0    Dex: 14 (16) Spells: 5/5 levels left

rFire  . . .     SeeInvis .     p - +10 hunting sling "Ticixuoc" {freeze, *Slow Str+6 Int+2 Dex+2}
rCold  . . .     Gourm    .     (no shield)
rNeg   . . .     Faith    .     (helmet restricted)
rPois  .         Spirit   .     (no amulet)
rElec  .         Reflect  .     (no ring)
rCorr  .         Harm     .     (no ring)
MR     .....                    (no ring)
Stlth  ++++......               (no ring)
                                (no ring)
                                (no ring)
                                (no ring)
                                (no ring)

@: no status effects
A: almost no armour, stealthy swim, amphibious, 8 rings, constrict 8, camouflage
1, gelatinous body 1
a: Fungal Bloom, Evolution, Renounce Religion


You were on level 3 of the Dungeon.
You worshipped Fedhas.
Fedhas was aware of your devotion.
You were not hungry.

You visited 2 branches of the dungeon, and saw 5 of its levels.

You collected 161 gold pieces.

Inventory:

Hand Weapons
 a - a +0 short sword
 j - a +0 hunting sling
 n - a +0 hand axe of draining
 p - the +10 hunting sling "Ticixuoc" (weapon) {freeze, *Slow Str+6 Int+2 Dex+2}
   (You found it on level 4 of the Dungeon)

   It causes projectiles fired from it to freeze those they strike, causing
   extra injury to most foes and up to half again as much damage against
   particularly susceptible opponents.
   They can also slow down cold-blooded creatures.
   It affects your strength (+6).
   It affects your intelligence (+2).
   It affects your dexterity (+2).
   It may slow you when you take damage.
Missiles
 k - 78 stones (quivered)
Jewellery
 v - an uncursed amulet of faith {unknown}
Wands
 b - a wand of flame (12/48)
 c - a wand of enslavement (7/24)
 d - a wand of random effects (14/48)
Scrolls
 l - 5 scrolls of identify {unknown}
 m - a scroll of recharging {unknown}
 o - a scroll of fog {unknown}
 t - 6 scrolls of remove curse {unknown}
 x - a scroll of blinking {unknown}
Potions
 e - 3 potions of heal wounds {unknown}
 g - a potion of flight {unknown}
 h - a potion of agility {unknown}
 i - 2 potions of berserk rage {unknown}
 q - a potion of cancellation {unknown}
 r - a potion of lignification {unknown}
Comestibles
 f - 2 bread rations
 s - a beef jerky
 u - a slice of pizza
 w - 3 fruits


   Skills:
 - Level 1.0 Fighting
 - Level 1.0 Short Blades
 * Level 4.5 Slings
 - Level 2.0 Dodging
 + Level 5.9 Stealth
 - Level 3.2 Evocations


You had 5 spell levels left.
You didn't know any spells.

Dungeon Overview and Level Annotations

Branches:
Dungeon (4/15)             Temple (1/1) D:4

Altars:
Cheibriados
Dithmenos
Elyvilon
Fedhas
Gozag
Okawaru
Qazlal
Ru
Uskayaw
Vehumet
Xom
The Shining One


Innate Abilities, Weirdness & Mutations

You cannot wear most types of armour.
You are very stealthy in the water. (Stealth+)
You are amphibious.
You can wear up to eight rings at the same time.
You can use your tentacles to constrict eight enemies at once.
Your skin changes colour to match your surroundings (Stealth+).
Your rubbery body absorbs attacks. (AC +1, EV +1)


Message History

The iron imp hits your ufetubus.
Your ufetubus dies!
The crimson imp hits you. The white imp hits you. The white imp freezes you.
* * * LOW HITPOINT WARNING * * *
The white imp shouts, "Quit, thou vain idle-headed ratsbane!"
Unknown command.
Unknown command.
Evoke which item? (* to show all) (? for menu, Esc to quit)
Aiming: Enslavement
Press: ? - help, Shift-Dir - straight line, f/p - iron imp
Aim: an iron imp (summoned, chance to defeat MR: 64%)
The iron imp struggles to resist.
This wand has 7 charges left.
The shadow imp grins evilly.
The iron imp hits you.
* * * LOW HITPOINT WARNING * * *
The iron imp closely misses you. The white imp hits you.
* * * LOW HITPOINT WARNING * * *
The white imp freezes you.
You die...
Fedhas appreciates your contribution to the ecosystem.

#. ###
.#.##########.######.
###...>...................
.. ......#....#...###....
#.##..##.#.##5#5#.# ..
#.#......#.#5555#.###.
#..........5@555o...)..
...###..#....#.##555#.###..
...........###.##.#.#.#
#<..(.......#...#
#.###.###.####### #.....#
..# #######.### .. .#


You could see 3 iron imps, 3 quasits, 2 crimson imps, 4 white imps, a shadow imp
and an orc.

Vanquished Creatures
  An ogre (D:4)
  A howler monkey (D:4)
  A crimson imp (D:4)
  An orc wizard (D:3)
  An orc priest (D:3)
  2 adders
  A worm (D:3)
  8 dart slugs (D:4)
  A leopard gecko (D:4)
  An orc (D:3)
  2 ball pythons (D:1)
  5 bats
  6 giant cockroaches
  10 goblins
  5 hobgoblins
  2 kobolds (D:1)
  A quokka (D:2)
  8 frilled lizards
  3 rats
60 creatures vanquished.

Vanquished Creatures (collateral kills)
  A leopard gecko (D:2)
1 creature vanquished.

Vanquished Creatures (others)
  8 toadstools
8 creatures vanquished.

Grand Total: 69 creatures vanquished

Notes
Turn   | Place    | Note
-------+----------+-------------------------------------------
     0 | D:1      | M4edhros the Octopode Artificer began the quest for the Orb.
     0 | D:1      | Reached XP level 1. HP: 13/13 MP: 3/3
    50 | D:1      | Reached skill level 2 in Stealth
    96 | D:1      | Reached XP level 2. HP: 16/18 MP: 4/4
   113 | D:2      | Reached skill level 3 in Stealth
   513 | D:2      | Reached skill level 1 in Slings
   562 | D:2      | Reached XP level 3. HP: 22/23 MP: 5/5
   604 | D:3      | Reached skill level 4 in Stealth
   607 | D:3      | Reached XP level 4. HP: 3/28 MP: 6/6
   955 | D:4      | Reached XP level 5. HP: 30/33 MP: 7/7
  1021 | D:4      | Noticed an ogre
  1038 | D:4      | Killed an ogre
  1038 | D:4      | Reached skill level 5 in Stealth
  1122 | D:4      | Reached XP level 6. HP: 38/38 MP: 8/8
  1343 | D:4      | Found a staircase to the Ecumenical Temple.
  1386 | D:4      | Got an iridescent hunting sling
  1387 | D:4      | Identified the +10 hunting sling "Ticixuoc" {freeze, *Slow Str+6 Int+2 Dex+2} (You found it on level 4 of the Dungeon)
  1421 | Temple   | Entered the Ecumenical Temple
  1508 | Temple   | Became a worshipper of Xom of Chaos
  1524 | Temple   | Fell from the grace of Xom
  1524 | Temple   | Became a worshipper of Fedhas Madash
  1669 | D:2      | You fall through a shaft!
  2069 | D:1      | XOM: summons 1 hostile shadow creature
  2292 | D:1      | Reached * piety under Fedhas
  2533 | D:3      | XOM: summons 14 hostile demons
  2539 | D:3      | Slain by a white imp

Vault maps used:
D:1:      erik_arrival_cave_to_civilisation
D:2:      minmay_lizard_pond
D:3:      chequers_ecumenical_altar_grove, fountainhead
D:4:      kennysheep_slugbush, first_bread
Temple:   bh_familiar_temple

Skill      XL: |  1  2  3  4  5 |
---------------+----------------+-----
Stealth        | 2 3 4 5 |  5.9
Slings         | 1 2 3 4 |  4.5
Fighting       | |  1.0
Short Blades   | |  1.0
Dodging        | |  2.0
Evocations     | |  3.2

Action                   |  1- 3 |  4- 6 || total
-------------------------+-------+-------++-------
Melee: Short sword       |    46 |    22 ||    68
       Constrict         |    15 |    10 ||    25
       Tentacles         |     5 |     7 ||    12
       Hand axe          |       |     8 ||     8
 Fire: Hunting sling     |       |    35 ||    35
Invok: Fungal Bloom      |       |    10 ||    10
Evoke: Wand              |     6 |     6 ||    12
 Stab: Sleeping          |     4 |     6 ||    10
  Eat: Chunk             |       |     1 ||     1
       Bread ration      |       |     1 ||     1
Armor: Skin              |     7 |     1 ||     8
Dodge: Dodged            |    27 |    31 ||    58
